 Dungeon Crawl Stone Soup version 0.24.0-37-gcf1ca852f1 (webtiles) character file.

Game seed: 2323707609374759661, levelgen mode: deterministic

45 PentaManta the Skirmisher (level 3, 30/30 HPs)
             Began as a Formicid Monk on Dec 5, 2019.
             Got out of the dungeon alive.
             The game lasted 00:01:56 (1430 turns).

PentaManta the Skirmisher (Formicid Monk)           Turns: 1430, Time: 00:01:56

Health: 30/30      AC:  2    Str: 15    XL:     3   Next: 90%
Magic:  3/3        EV: 13    Int:  9    God:
Gold:   77         SH:  0    Dex: 14    Spells: 2/2 levels left

rFire    . . .     SeeInvis +   a - +0 falchion
rCold    . . .     Gourm    .   (no shield)
rNeg     . . .     Faith    .   b - +0 robe
rPois    .         Spirit   .   (helmet unavailable)
rElec    .         Reflect  .   (no cloak)
rCorr    .         Harm     .   (no gloves)
MR       .....                  (no boots)
Stlth    ++........             (no amulet)
HPRegen  0.10/turn              (no ring)
MPRegen  0.08/turn              (no ring)

@: no status effects
A: permanent stasis, dig shafts and tunnels, four strong arms, antennae 3
a: Dig, Shaft Self


You escaped.
You were not hungry.

You visited 1 branch of the dungeon, and saw 2 of its levels.

You collected 77 gold pieces.

Inventory:

Hand Weapons
 a - a +0 falchion (weapon)
Armour
 b - a +0 robe (worn)
Jewellery
 e - an uncursed ring of poison resistance {unknown}
 f - a cursed ring of attention {unknown}
Potions
 d - 2 potions of mutation {unknown}
 g - a potion of curing {unknown}
Comestibles
 c - a ration
 h - a chunk of flesh


   Skills:
 + Level 3.6 Fighting
 + Level 3.3 Long Blades
 + Level 1.2 Armour
 + Level 3.0 Dodging
 + Level 3.1 Stealth


You had 2 spell levels left.
You didn't know any spells.
Your spell library was empty.

Dungeon Overview and Level Annotations

Branches:
Dungeon (2/15)

Altars:


Innate Abilities, Weirdness & Mutations

You cannot be hasted, slowed, berserked, paralysed or teleported.
You can dig through walls and to a lower floor.
Your four strong arms can wield two-handed weapons with a shield.
You have a pair of large antennae on your head. (SInv)


Message History

There is a stone staircase leading up here.
A kobold is nearby!
The helpless kobold fails to defend itself.
You hit the kobold.
The kobold is moderately wounded.
The kobold closely misses you.
You riposte.
You closely miss the kobold.
The kobold is moderately wounded.
The kobold closely misses you.
You riposte.
You hit the kobold.
The kobold is heavily wounded.
You slash the kobold!
You kill the kobold!
No target in view!
No target in view!
You climb upwards.
There is a stone staircase leading down here.
There is a staircase leading out of the dungeon here.
Are you sure you want to leave the Dungeon?
This will make you lose the game!
Alright, then stay!
Are you sure you want to leave the Dungeon?
This will make you lose the game!
You have escaped!

.#.##...#.#######......##........
##.###.##.# ##.#.#.##.#......
##.# #.##.# #.###†##.##..... #.#
#....# #.###.##.###...#
#.######÷# #........# ##'##
#........# #####.#### #.#
#########.# #.# #.# ..........#
#### #.# ###.##
#.#############>@###########....#
#.##......................#..#...
#.##...##..##......##..##.##.....
..##......................####.##
####...######......######.# #.#
####......................# #.#
...#.####################.# #.#
##...# #.# #.# ##### ####.# #.#


There were no monsters in sight!

Vanquished Creatures
  An adder (D:2)
  An ooze (D:1)
  A dart slug (D:1)
  3 bats (D:1)
  3 giant cockroaches
  A goblin (D:1)
  8 hobgoblins (D:1)
  2 ball pythons (D:1)
  2 frilled lizards (D:1)
  4 kobolds
  A rat (D:1)
27 creatures vanquished.

Notes
Turn   | Place    | Note
-------+----------+-------------------------------------------
     0 | D:1      | PentaManta the Formicid Monk began the quest for the Orb.
     0 | D:1      | Reached XP level 1. HP: 18/18 MP: 1/1
   424 | D:1      | Reached XP level 2. HP: 22/24 MP: 2/2
   674 | D:1      | Reached XP level 3. HP: 22/29 MP: 3/3
   744 | D:1      | Reached skill level 1 in Armour
   820 | D:1      | You fall into a shaft and drop 1 floor!
  1430 | D:$      | Got out of the dungeon alive.

Levels and vault maps discovered:
D:1:      dpeg_arrival_line_fractal, layout_loops_corners
D:2:      layout_rooms

Skill      XL: |  1  2  3 |
---------------+----------+-----
Armour         | 1 |  1.2
Dodging        | 3 |  3.0
Stealth        | 3 |  3.1
Fighting       | |  3.6
Long Blades    | |  3.3

Action                   || total
-------------------------++-------
Melee: Falchion          ||    78
  Use: Scroll            ||     1
 Stab: Sleeping          ||     9
  Eat: Chunk             ||     2
Armor: Robe              ||    14
Dodge: Dodged            ||    45
       Rpst.: Falchion   ||    20
